 Dungeon Sprint DCSS version 0.30.0-29-ga12c61a403 (webtiles) character file.

Game seed: 6449948745400734364

8500000 Groucho the Archmage (level 27, -53/186 (228) HPs)
             Began as a Djinni Warper on June 4, 2023.
             Was the Champion of Makhleb.
             Killed from afar by a wretched soul (136 damage)
             ... with a bolt of negative energy
             ... in the Dungeon (Sprint VIII: "Arena of Blood").
             The game lasted 00:05:15 (85 turns).

Groucho the Archmage (Djinni Warper)                  Turns: 85, Time: 00:05:16

HP:   -53/186 (228) AC:  6    Str: 10    XL:     27
Gold: 0             EV: 27    Int: 26    God:    Makhleb [******] SH:  0 Dex: 16

rFire   + + .        i - +∞ Axe of Woe
rCold   x . .        (shield currently unavailable)
rNeg    . . .        b - +0 leather armour
rPois   ∞            (no helmet)
rElec   .            (no cloak)
rCorr   .            (no gloves)
SInv    +            (boots unavailable)
Will    ++...        (no amulet)
Stlth   +++++++++    c - ring of see invisible
HPRegen 0.51/turn    (no ring)
MPRegen 0.00/turn

%: no teleportation, infuse magic (-54 HP)
@: flying, slowed, heavily drained, very slow
A: sickness immunity, fire resistance 2, cold vulnerability 1, float, innate
caster, HP casting, extra vitality 1
a: Renounce Religion, Minor Destruction, Lesser Servant of Makhleb, Major
Destruction, Greater Servant of Makhleb


You were in the Dungeon.
You worshipped Makhleb.
Makhleb was exalted by your worship.
You visited 1 branch

Inventory:

Hand Weapons
 a - a +0 hand axe
 i - the +∞ Axe of Woe (weapon)
   (You found it in the Dungeon)
Missiles
 d - 7 boomerangs of dispersal
Armour
 b - a +0 leather armour (worn)
Jewellery
 c - a ring of see invisible (left hand)
Potions
 e - a potion of curing
 f - a potion of heal wounds
 g - a potion of haste
 h - a potion of berserk rage


   Skills:
 O Level 27 Fighting
 O Level 27 Short Blades
 O Level 27 Long Blades
 O Level 27 Axes
 O Level 27 Maces & Flails
 O Level 27 Polearms
 O Level 27 Staves
 O Level 27 Ranged Weapons
 O Level 27 Throwing
 O Level 27 Armour
 O Level 27 Dodging
 O Level 27 Stealth
 O Level 27 Shields
 O Level 27 Unarmed Combat
 O Level 27 Spellcasting
 O Level 27 Invocations
 O Level 27 Evocations


You knew the following spells:

 Your Spells              Type           Power      Damage    Failure   Level
a - Blink                 Tloc           100%       N/A       0%          2
b - Lesser Beckoning      Tloc           100%       N/A       0%          2
c - Vhi's Electric Charg  Tloc/Air       100%       N/A       0%          3
d - Teleport Other        Tloc           100%       N/A       0%          3
e - Manifold Assault      Tloc           100%       N/A       0%          4
f - Foxfire               Conj/Fire      100%       2x1d9     0%          1
g - Wereblood             Tmut           100%       N/A       0%          2
h - Passwall              Tmut/Erth      90%        N/A       0%          2
i - Summon Ice Beast      Ice/Summ       100%       N/A       0%          4
j - Flame Wave            Conj/Fire      100%       2d21      0%          4
k - Agony                 Necr           100%       N/A       0%          5
l - Conjure Ball Lightni  Conj/Air       54%        3x3d20    0%          6
m - Dispersal             Tloc           54%        N/A       0%          6
n - Dragon Form           Tmut           54%        N/A       0%          7
o - Necromutation         Tmut/Necr      54%        N/A       1%          8
p - Disjunction           Tloc           54%        N/A       1%          8
q - Death's Door          Necr           54%        N/A       1%          9
r - Fire Storm            Conj/Fire      54%        8d14      1%          9
Your spell library was empty.

Dungeon Overview and Level Annotations

Branches:
Dungeon (1/1)

Altars:
Makhleb


Innate Abilities, Weirdness & Mutations

You are immune to sickness and miasma.
You are immune to poison.
Your flesh is very heat resistant. (rF++)
You are vulnerable to cold. (rC-)
You float through the air rather than walking.
You learn spells naturally, not from books.
Your magical power is your life essence.
You have superior vitality. (+4 MHP)


Message History

You feel better.
You slice the observer like a ripe choko!!!
You chop the observer into pieces.
You kill the observer!
Makhleb accepts your kill.
You feel better.
You slice the bag of meat!! You chop the bag of meat into pieces.
You kill the bag of meat!
Makhleb accepts your kill.
You feel better.
You chop one of the eight-headed meat hydra's heads off!
The seven-headed meat hydra grows two more!
You slash the nine-headed meat hydra!
You fatally mangle the nine-headed meat hydra.
You kill the nine-headed meat hydra!
Makhleb accepts your kill.
You feel better.
You hear a shout! x8
A bag of meat comes into view. It is wielding a +9 war axe. x2
The eight-headed meat hydra calls on the powers of darkness!
The eight-headed meat hydra convulses!
The bag of meat convulses!
The meat berserker convulses!
The bag of meat convulses! x2
Your body is wracked with pain!
You hit the meat berserker but do no damage.
You dissect the meat berserker like a pig carcass.
You kill the meat berserker!
Makhleb accepts your kill.
You feel better.
You hear a shout!
The dread calls on the powers of darkness!
The eight-headed meat hydra convulses!
The bag of meat convulses! x3
Your body is wracked with pain!
You hear a shout!
A dread comes into view.
You hear a shout!
The wretched soul breathes negative energy at you.
The bolt of negative energy hits you!!!!
You feel drained.
Ouch! That really hurt!
You die...

..))...)).)).))
oo))..))))).)))#
)..)).)))..)).#)
..W........)##..
..#D.)))...#....
.)W))......#)..
)##.#.......)o.
......)..o).W..
#....#.@...####
......)).....#.
...............
...............
###############


You could see an eight-headed meat hydra, 2 dreads, a wretched soul (invisible)
and 4 bags of meat.

Vanquished Creatures
  12 hell beasts (D)
  5 royal mummies (D)
  A great orb of eyes (D)
  A wraith (D)
  10 vampire knights (D)
  31 ogres (D)
  7 two-headed ogres (D)
  A lich (D)
  A hydra (D)
  A phantom (D)
  35 orcs (D)
  4 skeletal warriors (D)
109 creatures vanquished.

Notes
Turn   | Place    | Note
-------+----------+-------------------------------------------
     0 | D        | Found the +∞ Axe of Woe
     0 | D        | Groucho the Djinni Warper began the quest for the Orb.
     0 | D        | Groucho set off with the following spells memorised: Blink,
                  | Lesser Beckoning, Vhi's Electric Charge, Teleport Other,
                  | Manifold Assault.
     0 | D        | Reached XP level 1. HP: 18/18 MP: 0/0
     1 | D        | Noticed a bag of meat
     2 | D        | Noticed a meat berserker
     2 | D        | Noticed a bag of meat
     4 | D        | Noticed a bag of meat
     4 | D        | Noticed a bag of meat
     5 | D        | Noticed a meat berserker
     5 | D        | Became a worshipper of Makhleb the Destroyer
     5 | D        | Noticed a bag of meat
     7 | D        | Killed a meat berserker
     7 | D        | Killed a bag of meat
     7 | D        | Reached * piety under Makhleb
     8 | D        | Reached XP level 2. HP: 37/37 MP: 0/0
     8 | D        | Reached XP level 3. HP: 42/42 MP: 0/0
     8 | D        | Learned a level 1 spell: Foxfire
     8 | D        | Reached XP level 4. HP: 49/49 MP: 0/0
     8 | D        | Reached XP level 5. HP: 54/54 MP: 0/0
     8 | D        | Learned a level 2 spell: Wereblood
     8 | D        | Reached XP level 6. HP: 59/59 MP: 0/0
     8 | D        | Reached XP level 7. HP: 65/65 MP: 0/0
     8 | D        | Learned a level 2 spell: Passwall
     8 | D        | Reached XP level 8. HP: 71/71 MP: 0/0
     8 | D        | Reached XP level 9. HP: 76/76 MP: 0/0
     8 | D        | Learned a level 4 spell: Summon Ice Beast
     8 | D        | Reached XP level 10. HP: 83/83 MP: 0/0
     8 | D        | Reached XP level 11. HP: 87/87 MP: 0/0
     8 | D        | Learned a level 4 spell: Flame Wave
     8 | D        | Reached XP level 12. HP: 94/94 MP: 0/0
     8 | D        | Reached XP level 13. HP: 99/99 MP: 0/0
     8 | D        | Learned a level 5 spell: Agony
     8 | D        | Killed a bag of meat
     8 | D        | Killed a meat berserker
     8 | D        | Noticed a bag of meat
     8 | D        | Noticed a meat berserker
     8 | D        | Noticed a bag of meat
     8 | D        | Noticed a meat berserker
     9 | D        | Reached XP level 14. HP: 87/110 MP: 0/0
     9 | D        | Killed a bag of meat
     9 | D        | Reached ** piety under Makhleb
     9 | D        | Noticed a meat berserker
    11 | D        | Noticed a meat berserker
    12 | D        | Killed a bag of meat
    13 | D        | Reached skill level 15 in Axes
    13 | D        | Reached skill level 15 in Dodging
    13 | D        | Reached XP level 15. HP: 118/118 MP: 0/0
    13 | D        | Learned a level 6 spell: Conjure Ball Lightning
    13 | D        | Killed a meat berserker
    13 | D        | Killed a meat berserker
    13 | D        | Reached *** piety under Makhleb
    13 | D        | Noticed a meat berserker
    13 | D        | Noticed a meat berserker
    14 | D        | Reached XP level 16. HP: 128/128 MP: 0/0
    15 | D        | Reached skill level 5 in Throwing
    15 | D        | Reached skill level 5 in Armour
    15 | D        | Killed a meat berserker
    15 | D        | Reached **** piety under Makhleb
    16 | D        | Reached skill level 27 in Spellcasting
    16 | D        | Reached XP level 17. HP: 139/139 MP: 0/0
    16 | D        | Learned a level 6 spell: Dispersal
    16 | D        | Killed a meat berserker
    16 | D        | Killed a meat berserker
    17 | D        | Reached ***** piety under Makhleb
    17 | D        | Killed a meat berserker
    18 | D        | Reached XP level 18. HP: 157/157 MP: 0/0
    18 | D        | Noticed a destroyer
    19 | D        | Killed a destroyer
    19 | D        | Noticed a destroyer
    20 | D        | Reached skill level 27 in Axes
    20 | D        | Reached XP level 19. HP: 168/168 MP: 0/0
    20 | D        | Learned a level 7 spell: Dragon Form
    20 | D        | Killed a destroyer
    21 | D        | Reached skill level 27 in Fighting
    21 | D        | Reached skill level 27 in Dodging
    21 | D        | Noticed a destroyer
    21 | D        | Killed a destroyer
    22 | D        | Noticed a large bag of meat
    23 | D        | Noticed a meat berserker
    23 | D        | Noticed a meat berserker
    24 | D        | Noticed a large bag of meat
    24 | D        | Noticed a large bag of meat
    24 | D        | Noticed a large bag of meat
    24 | D        | Noticed a large bag of meat
    24 | D        | Noticed a large bag of meat
    25 | D        | Killed a meat berserker
    25 | D        | Killed a large bag of meat
    25 | D        | Reached ****** piety under Makhleb
    26 | D        | Reached XP level 20. HP: 181/181 MP: 0/0
    26 | D        | Noticed a meat berserker
    26 | D        | Noticed a large bag of meat
    27 | D        | Killed a large bag of meat
    27 | D        | Killed a large bag of meat
    27 | D        | Killed a meat berserker
    27 | D        | Noticed a meat berserker
    28 | D        | Reached XP level 21. HP: 187/187 MP: 0/0
    28 | D        | Learned a level 8 spell: Necromutation
    28 | D        | Killed a large bag of meat
    28 | D        | Killed a meat berserker
    29 | D        | Reached skill level 27 in Armour
    29 | D        | Reached skill level 27 in Invocations
    29 | D        | Killed a meat berserker
    30 | D        | Reached skill level 27 in Stealth
    30 | D        | Reached XP level 22. HP: 192/194 MP: 0/0
    30 | D        | Noticed a destroyer
    30 | D        | Noticed a meat berserker
    31 | D        | Killed a large bag of meat
    32 | D        | Reached skill level 5 in Maces & Flails
    32 | D        | Reached skill level 5 in Polearms
    32 | D        | Reached skill level 5 in Ranged Weapons
    33 | D        | Killed a large bag of meat
    34 | D        | Killed a large bag of meat
    35 | D        | Reached skill level 10 in Shields
    35 | D        | Reached skill level 10 in Unarmed Combat
    35 | D        | Reached skill level 10 in Evocations
    35 | D        | Reached XP level 23. HP: 187/201 MP: 0/0
    35 | D        | Learned a level 8 spell: Disjunction
    38 | D        | Reached skill level 10 in Short Blades
    38 | D        | Reached skill level 10 in Long Blades
    38 | D        | Reached skill level 10 in Staves
    38 | D        | Noticed a destroyer
    40 | D        | Reached skill level 10 in Maces & Flails
    40 | D        | Reached skill level 10 in Polearms
    40 | D        | Reached skill level 10 in Ranged Weapons
    40 | D        | Reached skill level 15 in Throwing
    40 | D        | Noticed a destroyer
    41 | D        | Killed a destroyer
    42 | D        | Killed a destroyer
    43 | D        | Reached XP level 24. HP: 208/208 MP: 0/0
    44 | D        | Reached skill level 15 in Shields
    44 | D        | Reached skill level 15 in Unarmed Combat
    44 | D        | Reached skill level 15 in Evocations
    44 | D        | Noticed an accursed
    45 | D        | Noticed a destroyer
    46 | D        | Killed a destroyer
    47 | D        | Reached skill level 15 in Short Blades
    47 | D        | Reached skill level 15 in Long Blades
    47 | D        | Reached skill level 15 in Staves
    47 | D        | Noticed an accursed
    51 | D        | Killed an accursed
    52 | D        | Reached XP level 25. HP: 190/214 MP: 0/0
    52 | D        | Learned a level 9 spell: Death's Door
    52 | D        | Noticed a tyrant
    52 | D        | Killed a tyrant
    52 | D        | Killed a destroyer
    52 | D        | Killed an accursed
    52 | D        | Noticed an accursed
    53 | D        | Reached XP level 26. HP: 221/221 MP: 0/0
    53 | D        | Noticed a destroyer
    53 | D        | Noticed an accursed
    54 | D        | Killed an accursed
    54 | D        | Killed an accursed
    54 | D        | Noticed an accursed
    55 | D        | Reached XP level 27. HP: 228/228 MP: 0/0
    55 | D        | Learned a level 9 spell: Fire Storm
    55 | D        | Killed an accursed
    55 | D        | Killed a destroyer
    58 | D        | Noticed a meat beast
    59 | D        | Noticed a meat beast
    60 | D        | Noticed a meat beast
    62 | D        | Killed a meat beast
    62 | D        | Killed a meat beast
    63 | D        | Reached skill level 27 in Short Blades
    63 | D        | Reached skill level 27 in Long Blades
    63 | D        | Reached skill level 27 in Staves
    63 | D        | Reached skill level 27 in Throwing
    63 | D        | Reached skill level 27 in Shields
    63 | D        | Reached skill level 27 in Unarmed Combat
    63 | D        | Reached skill level 27 in Evocations
    65 | D        | Noticed a meat beast
    65 | D        | Killed a meat beast
    66 | D        | Reached skill level 27 in Maces & Flails
    66 | D        | Reached skill level 27 in Polearms
    66 | D        | Reached skill level 27 in Ranged Weapons
    68 | D        | Noticed a meat beast
    69 | D        | Killed a meat beast
    69 | D        | Killed a meat beast
    73 | D        | Noticed a meat beast
    74 | D        | Killed a meat beast
    75 | D        | Noticed a meat beast
    75 | D        | Noticed a destroyer
    76 | D        | Noticed a meat beast
    76 | D        | Killed a meat beast
    76 | D        | Noticed a meat beast
    76 | D        | Noticed a meat beast
    76 | D        | Noticed a meat beast
    77 | D        | Noticed a dread
    78 | D        | Killed a meat beast
    78 | D        | Noticed a meat beast
    80 | D        | Killed a meat beast
    81 | D        | Killed a meat beast
    81 | D        | Killed a destroyer
    81 | D        | Killed a dread
    81 | D        | Noticed a destroyer
    82 | D        | Killed a meat beast
    82 | D        | Noticed a dread
    83 | D        | Killed a meat beast
    84 | D        | Killed a destroyer
    85 | D        | Noticed a dread
    85 | D        | Killed from afar by a wretched soul

Illustrated notes

Levels and vault maps discovered:
D:        meatsprint

Skill      XL: |  1  2  3  4  5  6  7  8  9 10 11 12 13 14 15 16 17 18 19 20 21 22 23 24 25 26 27 |
---------------+----------------------------------------------------------------------------------+-----
Fighting       | 11 13 14 16 18 23 25 27 | 27.0
Axes           | 11 14 15 17 19 26 27 | 27.0
Throwing       | 3 4 5 6 11 12 14 16 20 21 23 27 | 27.0
Armour         | 3 4 5 8 9 22 25 27 | 27.0
Dodging        | 12 14 15 17 19 24 25 27 | 27.0
Spellcasting   | 19 22 23 25 27 | 27.0
Stealth        | 12 17 27 | 27.0
Invocations    | 18 26 27 | 27.0
Short Blades   | 4 9 13 18 20 22 27 | 27.0
Long Blades    | 4 9 13 18 20 22 27 | 27.0
Maces & Flails | 4 8 12 17 19 21 27 | 27.0
Polearms       | 4 8 12 17 19 21 27 | 27.0
Staves         | 4 9 13 18 20 22 27 | 27.0
Ranged Weapons | 4 8 12 17 19 21 27 | 27.0
Shields        | 4 10 14 20 22 24 27 | 27.0
Unarmed Combat | 4 10 14 20 22 24 27 | 27.0
Evocations     | 4 10 14 20 22 24 27 | 27.0

Action                     |  1- 3 |  4- 6 |  7- 9 | 10-12 | 13-15 | 16-18 | 19-21 | 22-24 | 25-27 || total
---------------------------+-------+-------+-------+-------+-------+-------+-------+-------+-------++-------
  Melee: Executioner's axe |     1 |       |       |       |     4 |     7 |    16 |    16 |    53 ||    97
   Cast: Manifold Assault  |       |       |       |       |       |     2 |     5 |     1 |    12 ||    20
    Use: Scroll            |     2 |       |       |       |       |       |       |       |       ||     2
  Dodge: Dodged            |       |       |       |       |     2 |       |     1 |       |     3 ||     6
